 Dungeon Crawl Stone Soup version 0.25-a0-474-ga8a2ee3166 (webtiles) character file.

Game seed: 15467974611491593147, levelgen mode: deterministic

483 Eurus the Magician (level 6, -4/47 HPs)
             Began as a Mummy Conjurer on Feb 8, 2020.
             Slain by a quokka (5 damage)
             ... on level 4 of the Dungeon.
             The game lasted 00:11:00 (4333 turns).

Eurus the Magician (Mummy Conjurer)                 Turns: 4333, Time: 00:11:01

Health: -4/47      AC:  3    Str: 11    XL:     6   Next: 87%
Magic:  13/13      EV: 12    Int: 16    God:
Gold:   143        SH:  0    Dex: 13    Spells: 9/14 levels left

rFire    . . .     SeeInvis .   f - +4 dagger
rCold    + . .     Gourm    .   (no shield)
rNeg     + + +     Faith    .   j - +0 robe {rF+}
rPois    ∞         Spirit   .   (no helmet)
rElec    .         Reflect  .   (no cloak)
rCorr    .         Harm     .   k - +0 pair of gloves
MR       .....                  (no boots)
Stlth    ++........             (no amulet)
HPRegen  0.15/turn              (no ring)
MPRegen  0.13/turn              (no ring)

@: very slightly contaminated
A: no food or potions, fire vulnerability, cold resistance 1, negative energy
resistance 3, torment resistance, unbreathing
a: no special abilities


You were on level 4 of the Dungeon.
You were not hungry.

You visited 1 branch of the dungeon, and saw 4 of its levels.

You collected 143 gold pieces.

Inventory:

Hand Weapons
 f - a +4 dagger (weapon)
Armour
 d - a +0 shield
 j - a +0 robe of fire resistance (worn)
 k - a +0 pair of gloves (worn)
Jewellery
 c - an uncursed ring of fire {unknown}
Scrolls
 a - a scroll of blinking
 b - a scroll of magic mapping
 g - a scroll of fog
 h - a scroll of fear


   Skills:
 + Level 3.2 Fighting
 - Level 1.5 Dodging
 - Level 1.5 Stealth
 + Level 2.3 Shields
 + Level 4.8 Spellcasting
 + Level 4.3 Conjurations
 + Level 1.8 Translocations


You had 9 spell levels left.
You knew the following spells:

 Your Spells              Type           Power        Failure   Level  Hunger
a - Magic Dart            Conj           ###.         2%          1    N/A
b - Searing Ray           Conj           ###...       4%          2    N/A
c - Blink                 Tloc           N/A          11%         2    N/A

Your spell library contained the following spells:

 Spells                   Type           Power        Failure   Level  Hunger
 Conjure Flame            Conj/Fire      ##......     19%         3    N/A
 Dazzling Flash           Conj/Hex       ##....       19%         3    N/A
 Call Imp                 Summ           #.......     24%         2    N/A
 Slow                     Hex            #.......     24%         2    N/A
 Mephitic Cloud           Conj/Pois/Air  #.......     26%         3    N/A
 Iskenderun's Mystic Bla  Conj/Tloc      ##......     41%         4    N/A
 Fulminant Prism          Conj/Hex       ##........   54%         4    N/A

Dungeon Overview and Level Annotations

Branches:
Dungeon (4/15)
 Temple: D:4-7

Altars:
Hepliaklqana
Nemelex Xobeh
Ru

Annotations:
D:4 Pikel


Innate Abilities, Weirdness & Mutations

You do not eat or drink.
Your flesh is vulnerable to fire.
You are immune to poison.
Your flesh is cold resistant. (rC+)
You are immune to negative energy. (rN+++)
You are immune to unholy pain and torment.
You can survive without breathing.


Message History

Pikel burns you.
* * * LOW HITPOINT WARNING * * *
As you read the scroll labeled TEKAWIDIAD, it crumbles to dust.
You assume a fearsome visage.
Pikel looks frightened!
The slave looks frightened!
It was a scroll of fear.
As you read the scroll labeled WOKOSK JU AV UNNEI, it crumbles to dust.
It is a scroll of enchant weapon.
Your +3 dagger glows red for a moment.
The leopard gecko bites you.
* * * LOW HITPOINT WARNING * * *
Found a golden potion.
A quokka comes into view.
The leopard gecko closely misses you.
The slave seems to regain its courage.
The worker ant bites you.
* * * LOW HITPOINT WARNING * * *
Found a dark potion.
The leopard gecko barely misses you. The worker ant misses you.
The quokka bites you.
You die...

*,,,,,,,.......s......#
**,,**
**,,,,,,......o.p.#####**,,**
**,,,,,##.....gp.....#,,,**
*******######.......#,***
#........,,,******
#.......#**,,,,,,,
#al......,,,,,,,,,
#.r.....#***,,,,,, #@......#
*,,,,,, #.......# *******
#.......# #..!....# #########


You could see 2 slaves, a worker ant, a gnoll, an orc, a leopard gecko and a
quokka.

Vanquished Creatures
  A sky beast (D:3)
  3 wights (D:2)
  2 orc wizards (D:3)
  Terence (D:3)
  A worker ant (D:4)
  6 adders
  3 gnolls (D:3)
  2 oozes
  A worm (D:2)
  2 dart slugs (D:1)
  3 leopard geckos
  6 orcs
  2 bats (D:1)
  4 giant cockroaches
  7 goblins
  10 hobgoblins
  2 quokkas (D:3)
  3 frilled lizards
  6 kobolds
  2 rats
67 creatures vanquished.

Notes
Turn   | Place    | Note
-------+----------+-------------------------------------------
     0 | D:1      | Eurus the Mummy Conjurer began the quest for the Orb.
     0 | D:1      | Reached XP level 1. HP: 13/13 MP: 4/4
   197 | D:1      | Reached XP level 2. HP: 20/20 MP: 3/6
   231 | D:1      | Learned a level 2 spell: Searing Ray
   324 | D:1      | Reached skill level 1 in Fighting
   636 | D:1      | You fall into a shaft and drop 1 floor!
   864 | D:2      | Reached XP level 3. HP: 26/26 MP: 3/7
  1200 | D:2      | Reached skill level 1 in Shields
  1500 | D:2      | Reached XP level 4. HP: 33/33 MP: 4/9
  2045 | D:2      | Learned a level 2 spell: Blink
  2262 | D:2      | Reached XP level 5. HP: 38/38 MP: 7/11
  2340 | D:2      | Reached skill level 1 in Translocations
  2436 | D:2      | Found a sparkling altar of Nemelex Xobeh.
  2869 | D:3      | Found a sacrificial altar of Ru.
  3096 | D:3      | Noticed Terence
  3143 | D:3      | Noticed a sky beast
  3291 | D:3      | Reached XP level 6. HP: 35/46 MP: 0/12
  3505 | D:3      | Killed a sky beast
  4035 | D:3      | Killed Terence
  4205 | D:4      | Found a hazy altar of Hepliaklqana.
  4240 | D:4      | Noticed a slave
  4241 | D:4      | Noticed Pikel
  4242 | D:4      | Noticed a slave
  4242 | D:4      | Noticed a slave
  4242 | D:4      | Noticed a slave
  4328 | D:4      | HP: 1/47 [worker ant (4)]
  4333 | D:4      | Slain by a quokka

Levels and vault maps discovered:
D:1:      enne_arrival_octagon_isle, layout_basic, minmay_misc_feat_room
D:2:      layout_loops_corners, lemuel_round_altar
D:3:      layout_loops_ring, nicolae_ru_awakened_eye, uniq_terence
D:4:      layout_rooms, nicolae_qazlal_general_emergency,
          overflow_temple_1_default, uniq_pikel

Skill      XL: |  1  2  3  4  5  6 |
---------------+-------------------+-----
Spellcasting   | 3 4 |  4.8
Fighting       | 1 2 3 |  3.2
Shields        | 1 2 |  2.3
Conjurations   | 4 |  4.3
Translocations | 1 |  1.8
Dodging        | |  1.5
Stealth        | |  1.5

Action                   |  1- 3 |  4- 6 || total
-------------------------+-------+-------++-------
Melee: Unarmed           |     8 |       ||     8
       Club              |    41 |     5 ||    46
       Dagger            |       |    50 ||    50
 Cast: Magic Dart        |    40 |    26 ||    66
       Searing Ray       |     6 |    24 ||    30
  Use: Scroll            |       |     6 ||     6
 Stab: Sleeping          |       |     4 ||     4
Armor: Robe              |     7 |     9 ||    16
Dodge: Dodged            |    49 |    53 ||   102

Table legend:
 A = Non-vault XP
 B = Vault XP
 C = Vault XP percentage of total XP
 D = Non-vault monster count
 E = Vault monster count
 F = Vault count percentage of total count
                 A         B        C        D         E       F
            +---------+---------+-------+---------+---------+-------
      Total |     654 |      36 |   5.2 |      66 |       1 |   1.5
            +---------+---------+-------+---------+---------+-------
        D:1 |      40 |       0 |   0.0 |      17 |       0 |   0.0
        D:2 |     279 |       0 |   0.0 |      25 |       0 |   0.0
        D:3 |     301 |      36 |  10.7 |      23 |       1 |   4.2
        D:4 |      34 |       0 |   0.0 |       1 |       0 |   0.0
            +---------+---------+-------+---------+---------+-------
